cohdb
Replays
Latest Replays
All Replays
Popular Replays
Top Player Replays
Match Explorer
How It Works
Community
CoH3 Stats
Reddit
Sign in to upload your games and track your stats! →
Sign in with Steam
Match 45161362
Unlisted
Match 45161362
Overview
Messages
Build Orders
End
Kradschützen Motorcycle Team
250 Light Carrier
Panzergrenadier Squad
Construct Light Support Kompanie
Panzerjäger Squad
Selects Panzerjäger Kommand Battlegroup
Selects Panzerjäger Kommand Battlegroup
Selects GrB 39 Grenade Launcher Requisition
MG34 Team
Assault Mechanized Group
Selects Mine Fields
Selects Defensive Positions
250 Light Carrier
Fire Support Elements
2.5-tonne Medical Truck
Combat Half-tracks
Construct Panzerarmee Kommand
Eachen
东京七姐妹的Live看的很开心
♛Prince-Of-Persia♛
Meleys
ww26282006
76561199424230967
wnsgud8801
kdb5246
0
0
Comments
sign in to comment!
No comments posted yet!